 Dungeon Crawl Stone Soup version 0.20.0-15-g7f486f2 (webtiles) character file.

137624 skittles the Scorcher (level 16, -6/129 HPs)
             Began as a Yellow Draconian Fire Elementalist on June 10, 2017.
             Was a High Priest of Vehumet.
             Killed from afar by a smoke demon (13 damage)
             ... with a ball of steam
             ... on level 2 of the Abyss.
             The game lasted 02:53:59 (44387 turns).

skittles the Scorcher (DrFE)                       Turns: 44387, Time: 02:54:00

Health: -6/129     AC: 22    Str: 11    XL:     16   Next: 69%
Magic:  10/31      EV: 21    Int: 23    God:    Vehumet [*****.]
Gold:   3496       SH:  5    Dex: 11    Spells: 7/38 levels left

rFire    . . .     SeeInvis .   a - +4 broad axe (chop)
rCold    . . .     Gourm    +   X - +0 buckler
rNeg     . . .     Faith    .   (armour unavailable)
rPois    .         Spirit   .   i - +2 hat
rElec    .         Reflect  .   u - +1 cloak {+Inv}
rCorr    +         Harm     .   L - +1 pair of gloves
MR       +....                  A - +0 pair of boots
Stlth    ++........             D - amulet of the gourmand
Regen    0.4/turn               R - +6 ring of protection
MPRegen  0.3/turn               c - +5 ring of evasion

@: about to teleport
A: spit acid, acid resistance, unfitting armour, hooves 1, stinger 1, acidic
bite, cold-blooded, AC +9
a: Breathe Acid, Renounce Religion, Evoke Invisibility


You were on level 2 of the Abyss.
You worshipped Vehumet.
Vehumet was extremely pleased with you.
You were not hungry.

You visited 5 branches of the dungeon, and saw 25 of its levels.
You visited the Abyss 1 time.
You also visited: Labyrinth, Bailey and Volcano.

You collected 3734 gold pieces.
You spent 238 gold pieces at shops.

Inventory:

Hand Weapons
 a - a +4 broad axe of chopping (weapon)
 h - the +6 trident of Income {holy, Int+4}
   (You found it on level 15 of the Dungeon)

   It has been blessed by the Shining One to cause great damage to the undead
   and demons.
   It affects your intelligence (+4).
 k - the +4 trident of the Secret Friends {flame, *Noise rElec Int+6}
   (You bought it in a shop on level 2 of the Orcish Mines)

   It has been specially enchanted to burn those struck by it, causing extra
   injury to most foes and up to half again as much damage against particularly
   susceptible opponents.
   It affects your intelligence (+6).
   It insulates you from electricity.
   It may make noises in combat.
 T - the +8 morningstar of Cocytus {crush, -Tele rN+ Str+9 Int+4}
   (You found it in a labyrinth)

   It inflicts extra damage upon your enemies.
   It affects your strength (+9).
   It affects your intelligence (+4).
   It protects you from negative energy.
   It prevents most forms of teleportation.
Armour
 i - a +2 hat (worn)
 u - a +1 cloak of invisibility (worn)
 A - a +0 pair of boots (worn)
 L - a +1 pair of gloves (worn)
 X - a +0 buckler (worn)
Magical Staves
 b - an uncursed staff of power
Jewellery
 c - a +5 ring of evasion (right hand)
 s - an uncursed ring of flight
 v - an uncursed ring of see invisible
 w - an uncursed amulet of rage
 D - an amulet of the gourmand (around neck)
 R - a +6 ring of protection (left hand)
Wands
 d - a wand of random effects (22/48)
 r - a wand of digging (11/24)
 B - a wand of iceblast (6/15)
 J - a wand of lightning (9/15)
Scrolls
 e - 10 scrolls of remove curse
 l - 3 scrolls of identify
 n - 3 scrolls of teleportation
 o - a scroll of blinking
 t - a scroll of fear
 y - 3 scrolls of amnesia
 I - a scroll of summoning
 P - a scroll of recharging
 S - 3 scrolls of fog
 W - 2 scrolls of vulnerability
 Y - 7 scrolls of magic mapping
Potions
 f - 4 potions of brilliance
 g - 6 potions of heal wounds
 j - 7 potions of curing
 m - 3 potions of berserk rage
 p - 2 potions of magic
 x - 7 potions of agility
 z - 3 potions of flight
 E - 3 potions of resistance
 F - a potion of invisibility
 H - a potion of cancellation
 M - 4 potions of haste
 Q - 3 potions of ambrosia
Miscellaneous
 G - a fan of gales
 V - a crystal ball of energy
Comestibles
 q - 21 royal jellies


   Skills:
 + Level 8.7 Fighting
 + Level 7.9 Dodging
 - Level 1.7 Stealth
 - Level 6.0 Shields
 + Level 11.6 Spellcasting
 + Level 16.6 Conjurations
 + Level 16.8 Fire Magic


You had 7 spell levels left.
You knew the following spells:

 Your Spells              Type           Power        Failure   Level  Hunger
a - Bolt of Fire          Conj/Fire      ######....   1%          6    #####..
b - Conjure Flame         Conj/Fire      ######..     0%          3    None
c - Sticky Flame          Conj/Fire      ######..     1%          4    None
d - Fireball              Conj/Fire      ######....   1%          5    ####...
e - Poison Arrow          Conj/Pois      ######....   7%          6    #####..
g - Flame Tongue          Conj/Fire      #####        0%          1    None
h - Bolt of Cold          Conj/Ice       ######....   7%          6    #####..


Dungeon Overview and Level Annotations

Branches:
Dungeon (15/15)            Temple (1/1) D:6            Lair (6/6) D:10
  Swamp (0/4) Lair:2       Spider (0/4) Lair:2        Slime (0/5) Lair:6
    Orc (2/2) D:11            Elf (1/3) Orc:2        Vaults (0/5) D:13
 Depths (0/5) D:15

Altars:
Ashenzari
Dithmenos
Elyvilon
Fedhas
Gozag
Hepliaklqana
Kikubaaqudgha
Makhleb
Nemelex Xobeh
Okawaru
Qazlal
Ru
Sif Muna
Trog
Vehumet
Yredelemnul
Zin
The Shining One
Beogh

Shops:
D:6 }   Orc:2 !:(!   Elf:1 [

Annotations:
D:6 exclusion: oklob plant
Elf:1 exclusion: Roxanne, Roxanne


Innate Abilities, Weirdness & Mutations

You can spit globs of acid.
You are resistant to acid.
Your golden yellow scales are hard. (AC +9)
You cannot fit into any form of body armour.
You have acidic saliva.
You are cold-blooded and may be slowed by cold attacks.
You have large cloven feet.
Your tail ends in a poisonous barb.


Message History

You are covered in liquid flames!
You closely miss the smoke demon.
You tail-slap the smoke demon, but do no damage.
The smoke demon is moderately wounded.
You are covered in liquid flames!
* * * LOW HITPOINT WARNING * * *
You block the smoke demon's attack.
The smoke demon hits you but does no damage.
The smoke demon closely misses you.
You slash the smoke demon!
Your tail-slap misses the smoke demon.
Your bite misses the smoke demon.
The smoke demon is severely wounded.
You are covered in liquid flames!
* * * LOW HITPOINT WARNING * * *
The smoke demon gestures at you. Something smites you!
* * * LOW HITPOINT WARNING * * *
The smoke demon gestures at you. The ball of steam hits you!
You die...

. # #.#.. # #
..... . . #
.## #
.......#...#
###. #... ..
.# .XXX##
#......#
XX#........##
#.# .... .#
#X.###. ...#
##q#@## ...
#.#3.##....
###.. ....
#### ...


You could see a smoke demon.

Vanquished Creatures
  An acid blob (Lair:6)
  Gastronok (Lair:1)
  Azrael (Elf:1)
  A fire dragon (D:15)
  An eidolon (Abyss:2)
  A minotaur (Lab)
  Erolcha (Orc:2)
  10 hydras
  8 vault guards
  A rakshasa (Abyss:2)
  2 catoblepae (D:14)
  An ice dragon (D:15)
  2 ogre magi (Orc:2)
  5 centaur warriors
  6 two-headed ogres
  3 death yaks (Lair:6)
  A hell knight (Volcano)
  Nergalle (Orc:2)
  Sonja (Lair:4)
  A storm dragon zombie (Abyss:2)
  5 deep elf knights (Elf:1)
  4 skeletal warriors (D:15)
  An unseen horror (D:12)
  2 deep elf archers (Elf:1)
  2 lindwurms (Lair:6)
  Pikel (D:7)
  4 orc knights
  20 deep elf magi
  2 manticores
  The ghost of Quirk the Carver, a novice VSFi (D:8)
  8 ugly things
  7 orc sorcerers (Orc:2)
  A cyclops (Orc:1)
  A large abomination (Abyss:2)
  Joseph (D:8)
  6 elephants
  11 black mambas
  2 molten gargoyles (Volcano)
  3 torpor snails
  An orange demon (Abyss:2)
  2 centaur skeletons
  3 gargoyles
  8 spiny frogs
  2 kobold demonologists (D:14)
  2 yaktaurs (Volcano)
  4 komodo dragons
  3 rime drakes
  An efreet (D:15)
  A freezing wraith (D:14)
  An ancient zyme (Abyss:2)
  4 red devils (D:15)
  2 tengu conjurers
  A meliai (D:14)
  2 trolls
  4 polar bears
  Prince Ribbit (D:5)
  A bog body (Lair:2)
  15 slime creatures
  22 blink frogs
  6 dream sheep (Lair:6)
  18 hippogriffs
  A redback (Lair:2)
  2 wyverns (D:12)
  A water elemental (D:11)
  A shadow (D:13)
  A wraith (Abyss:2)
  60 yaks
  Grum (D:8)
  3 fire elementals
  2 fire bats (Volcano)
  3 basilisks
  A hungry ghost (D:15)
  A steam dragon (D:7)
  3 vampire mosquitoes (D:13)
  A neqoxec (Abyss:2)
  2 wargs
  Edmund (D:4)
  6 swamp worms (Lair:2)
  3 hell hounds
  3 small abominations (Abyss:2)
  14 water moccasins
  Duvessa (D:7)
  28 orc warriors
  12 porcupines
  3 phantoms
  6 sky beasts
  A slave (D:7)
  5 ice beasts
  7 black bears
  14 wolves
  31 centaurs
  10 ogres
  19 crocodiles
  3 big kobolds
  Blork the orc (D:5)
  10 bullfrogs
  An earth elemental (Elf:1)
  2 wyvern zombies
  4 scorpions
  A water moccasin skeleton (D:8)
  10 killer bees
  2 wights (D:8)
  4 electric eels
  4 howler monkeys
  2 bullfrog zombies
  A centaur zombie (D:5)
  5 lava snakes (Volcano)
  3 starcursed masses (Abyss:2)
  7 crimson imps
  8 hounds
  15 jellies
  34 orc priests
  3 bullfrog skeletons
  49 orc wizards
  5 iguanas
  Crazy Yiuf (D:4)
  Natasha (thrice) (D:2)
  4 worker ants
  A killer bee zombie (D:5)
  2 hound skeletons
  A howler monkey zombie (D:8)
  A worker ant zombie (D:6)
  Robin (D:2)
  10 gnolls
  14 adders
  6 shadow imps
  6 oozes
  An adder zombie (D:8)
  3 dart slugs (D:1)
  5 leopard geckos
  108 orcs
  7 giant cockroaches
  19 goblins
  14 hobgoblins
  13 jackals
  5 quokkas
  A ball python (D:5)
  7 bats
  5 frilled lizards
  31 kobolds
  A quokka skeleton (D:4)
  6 rats
  A fungus (Lair:6)
  2 plants
935 creatures vanquished.

Vanquished Creatures (others)
  2 slaves (D:7)
  A big kobold (D:7)
  Dowan (D:7)
  An orc priest (D:7)
  An orc wizard (D:7)
  An adder skeleton (D:4)
  A leopard gecko (D:4)
  5 orcs
  A giant cockroach (D:4)
  2 kobolds
  A quokka (D:15)
  9 fungi
  5 plants
31 creatures vanquished.

Grand Total: 966 creatures vanquished

Notes
Turn   | Place    | Note
-------+----------+-------------------------------------------
     0 | D:1      | skittles the Draconian Fire Elementalist began the quest for the Orb.
     0 | D:1      | Reached XP level 1. HP: 14/14 MP: 3/3
   303 | D:1      | Reached XP level 2. HP: 20/20 MP: 1/5
   788 | D:1      | Reached XP level 3. HP: 26/26 MP: 6/6
  1077 | D:2      | Noticed Natasha
  1088 | D:2      | Killed Natasha
  1571 | D:1      | Reached XP level 4. HP: 27/33 MP: 1/7
  1886 | D:2      | Noticed Natasha
  1894 | D:2      | Killed Natasha
  2370 | D:2      | Noticed Natasha
  2391 | D:2      | Killed Natasha
  2391 | D:2      | Reached XP level 5. HP: 23/38 MP: 8/8
  2598 | D:2      | Noticed Robin
  2613 | D:2      | Killed Robin
  2958 | D:3      | Found a burning altar of Makhleb.
  2958 | D:3      | Noticed a cacodemon
  3025 | D:3      | Reached skill level 5 in Fire Magic
  3068 | D:3      | Reached XP level 6. HP: 45/45 MP: 9/9
  3281 | D:3      | Found a faded altar of an unknown god.
  3761 | D:3      | Learned a level 3 spell: Conjure Flame
  3766 | D:3      | Learned a level 4 spell: Sticky Flame
  3834 | D:4      | Reached skill level 5 in Conjurations
  3834 | D:4      | Your scales start taking on a golden yellow colour.
  3834 | D:4      | Reached XP level 7. HP: 44/50 MP: 10/10
  4008 | D:4      | Noticed Edmund
  4021 | D:4      | Killed Edmund
  4076 | D:4      | Reached skill level 1 in Shields
  4472 | D:4      | Found a runed door.
  4476 | D:4      | Noticed Crazy Yiuf
  4487 | D:4      | Killed Crazy Yiuf
  4596 | D:5      | Entered Level 5 of the Dungeon
  4920 | D:5      | Noticed Blork the orc
  5357 | D:5      | Killed Blork the orc
  5357 | D:5      | Reached XP level 8. HP: 49/57 MP: 6/11
  5751 | D:5      | Found an ancient bone altar of Kikubaaqudgha.
  5849 | D:5      | Noticed Prince Ribbit
  6351 | D:5      | Killed Prince Ribbit
  7627 | D:6      | Reached XP level 9. HP: 47/62 MP: 3/12
  7694 | D:6      | Found Nuafeph's Gadget Boutique.
  7905 | D:6      | Found a blossoming altar of Fedhas.
  7916 | D:6      | Noticed an oklob plant
  7984 | D:6      | Found a staircase to the Ecumenical Temple.
  8056 | D:6      | Reached skill level 5 in Shields
  8607 | Temple   | Entered the Ecumenical Temple
  8634 | Temple   | Became a worshipper of Vehumet
  8697 | D:7      | Noticed Pikel
  8700 | D:7      | Noticed Dowan
  8701 | D:7      | Noticed Duvessa
  8721 | D:7      | Killed Pikel
  8889 | D:7      | Killed Duvessa
  8893 | D:7      | Killed Dowan
 10084 | D:8      | Noticed Grum
 10088 | D:8      | Reached * piety under Vehumet
 10088 | D:8      | Offered knowledge of Magic Dart by Vehumet.
 10091 | D:8      | Reached XP level 10. HP: 65/69 MP: 13/13
 10103 | D:8      | Killed Grum
 10272 | D:8      | Reached skill level 10 in Fire Magic
 10279 | D:8      | Learned a level 5 spell: Fireball
 10875 | D:8      | Noticed Quirk's ghost (novice VSFi)
 10907 | D:8      | Killed Quirk's ghost
 11099 | D:8      | Reached skill level 10 in Conjurations
 11345 | D:8      | Reached ** piety under Vehumet
 11345 | D:8      | Offered knowledge of Shock by Vehumet.
 11462 | D:8      | Gained mutation: You have large cloven feet. [potion of mutation]
 11462 | D:8      | Gained mutation: Your tail ends in a poisonous barb. [potion of mutation]
 11727 | D:8      | Noticed Joseph
 11744 | D:8      | Killed Joseph
 13267 | D:10     | Entered Level 10 of the Dungeon
 13267 | D:10     | Found a staircase to the Lair.
 13268 | D:10     | Reached XP level 11. HP: 74/74 MP: 13/14
 13702 | D:10     | Offered knowledge of Ignite Poison by Vehumet.
 13829 | D:10     | Reached *** piety under Vehumet
 14371 | D:10     | Noticed a two-headed ogre
 14381 | D:10     | Killed a two-headed ogre
 14669 | D:11     | Noticed a deep elf mage
 14684 | D:11     | Killed a deep elf mage
 15146 | D:11     | Offered knowledge of Airstrike by Vehumet.
 15289 | D:11     | Found a flagged portal.
 15295 | Bailey   | Entered a bailey
 15511 | Bailey   | Noticed an orc knight
 15540 | Bailey   | Killed an orc knight
 15627 | Bailey   | Noticed an orc knight
 15702 | Bailey   | Killed an orc knight
 15744 | Bailey   | Reached **** piety under Vehumet
 16528 | D:11     | Offered knowledge of Venom Bolt by Vehumet.
 16535 | D:11     | Learned a level 5 spell: Venom Bolt
 16707 | D:11     | Found a staircase to the Orcish Mines.
 16887 | D:11     | Noticed a four-headed hydra
 16906 | D:11     | Killed a four-headed hydra
 16906 | D:11     | Reached skill level 5 in Spellcasting
 16906 | D:11     | Reached XP level 12. HP: 51/81 MP: 13/19
 17430 | D:12     | Noticed a seven-headed hydra
 17434 | D:12     | Killed a seven-headed hydra
 18467 | D:12     | Noticed a two-headed ogre
 18482 | D:12     | Killed a two-headed ogre
 18665 | D:12     | Found a shattered altar of Ashenzari.
 18673 | D:12     | Noticed a two-headed ogre
 18686 | D:12     | Killed a two-headed ogre
 18880 | D:12     | Noticed a two-headed ogre
 18884 | D:12     | Killed a two-headed ogre
 19596 | D:13     | Reached XP level 13. HP: 79/86 MP: 22/22
 20667 | D:13     | Reached ***** piety under Vehumet
 20690 | D:13     | Offered knowledge of Force Lance by Vehumet.
 20983 | D:13     | Found a gate to the Vaults.
 21345 | D:13     | HP: 4/86 [two-headed ogre/giant spiked club (19)]
 21762 | D:12     | Gained mutation: You have acidic saliva. [Yellow Draconian growth]
 21762 | D:12     | Reached XP level 14. HP: 63/93 MP: 25/25
 22676 | D:13     | Reached skill level 15 in Fire Magic
 23365 | D:14     | Found a shadowy altar of Dithmenos.
 24526 | D:14     | Reached skill level 15 in Conjurations
 24761 | D:15     | Entered Level 15 of the Dungeon
 24861 | Lair:1   | Entered Level 1 of the Lair of Beasts
 24916 | Lair:1   | Found a dark tunnel.
 24937 | Lair:1   | Learned a level 4 spell: Throw Icicle
 24938 | Volcano  | Entered a volcano
 25580 | Volcano  | Found a bloodstained altar of Trog.
 25592 | Volcano  | Offered knowledge of Bolt of Fire by Vehumet.
 25592 | Volcano  | Reached skill level 1 in Fighting
 25600 | Volcano  | Learned a level 6 spell: Bolt of Fire
 26258 | Lair:1   | Noticed Gastronok
 26262 | Lair:1   | Killed Gastronok
 27544 | Lair:2   | Found a staircase to the Swamp.
 27683 | Lair:2   | Found a hole to the Spider Nest.
 29097 | Lair:3   | Reached XP level 15. HP: 111/111 MP: 16/28
 29895 | Lair:4   | Noticed Sonja
 29898 | Lair:4   | Killed Sonja
 30019 | Lair:4   | Found a labyrinth entrance.
 30037 | Lab      | Entered a labyrinth
 30414 | Lab      | Offered knowledge of Poison Arrow by Vehumet.
 30491 | Lab      | Got a warped morningstar
 30494 | Lair:4   | Identified the +8 morningstar of Cocytus {crush, -Tele rN+ Str+9 Int+4} (You found it in a labyrinth)
 30615 | Lair:4   | Learned a level 6 spell: Poison Arrow
 31080 | Lair:4   | Reached skill level 5 in Fighting
 31954 | Lair:5   | Reached skill level 10 in Spellcasting
 32484 | Lair:5   | Got a jewelled halberd
 32490 | Lair:5   | Identified the +11 halberd "Macuxeic" {vamp, Int+6} (You found it on level 5 of the Lair of Beasts)
 33571 | Lair:6   | Entered Level 6 of the Lair of Beasts
 34487 | Lair:6   | Offered knowledge of Ozocubu's Refrigeration by Vehumet.
 34488 | Lair:6   | Reached skill level 5 in Dodging
 34856 | Lair:6   | Noticed an acid blob
 34859 | Lair:6   | Killed an acid blob
 35560 | Lair:6   | Found a staircase to the Slime Pits.
 36773 | Orc:1    | Entered Level 1 of the Orcish Mines
 36927 | Orc:2    | Entered Level 2 of the Orcish Mines
 37282 | Orc:1    | Offered knowledge of Bolt of Cold by Vehumet.
 37586 | Orc:2    | Found a staircase to the Elven Halls.
 39323 | Orc:2    | Found Panenn's Distillery.
 39414 | Orc:2    | Noticed Erolcha
 39417 | Orc:2    | Killed Erolcha
 39503 | Orc:2    | Found a radiant altar of Vehumet.
 39597 | Orc:2    | Reached XP level 16. HP: 126/126 MP: 25/30
 39674 | Orc:2    | Found Qiphoas's Book Shoppe.
 39692 | Orc:2    | Noticed Nergalle
 39698 | Orc:2    | Killed Nergalle
 39911 | Orc:2    | Found an ancient bone altar of Kikubaaqudgha.
 39917 | Orc:2    | Paralysed by an orc sorcerer for 5 turns
 40007 | Orc:2    | Found a roughly hewn altar of Beogh.
 40007 | Orc:2    | Found Bigilich's Distillery.
 40016 | Orc:2    | Found Oskiodau's Antique Weapon Emporium.
 40028 | Orc:2    | Bought a scorched trident for 238 gold pieces
 40199 | Orc:2    | Identified the +4 trident of the Secret Friends {flame, *Noise rElec Int+6} (You bought it in a shop on level 2 of the Orcish Mines)
 40224 | Orc:2    | Learned a level 6 spell: Bolt of Cold
 40494 | D:15     | Got a faintly glowing trident
 40495 | D:15     | Identified the +6 trident of Income {holy, Int+4} (You found it on level 15 of the Dungeon)
 40746 | D:15     | Offered knowledge of Conjure Ball Lightning by Vehumet.
 41184 | D:15     | Found a staircase to the Depths.
 41235 | D:15     | Found a white marble altar of Elyvilon.
 42187 | Elf:1    | Entered Level 1 of the Elven Halls
 42543 | Elf:1    | Noticed Roxanne
 42700 | Elf:1    | Noticed Azrael
 42709 | Elf:1    | Killed Azrael
 43019 | Elf:1    | Found Mocvudet's Armour Shoppe.
 43639 | Elf:1    | Offered knowledge of Iron Shot by Vehumet.
 44101 | Elf:1    | Cast into level 2 of the Abyss (a deep elf sorcerer)
 44387 | Abyss:2  | Killed from afar by a smoke demon

Skill      XL: |  1  2  3  4  5  6  7  8  9 10 11 12 13 14 15 16 |
---------------+-------------------------------------------------+-----
Conjurations   | 2 3 4 5 6 7 9 11 12 13 14 15 16 | 16.6
Fire Magic     | 4 5 6 7 8 9 11 12 14 15 16 | 16.8
Shields        | 2 4 6 |  6.0
Spellcasting   | 5 6 7 9 10 11 | 11.6
Dodging        | 3 6 7 |  7.9
Fighting       | 4 7 8 |  8.7
Stealth        | |  1.7

Action                   |  1- 3 |  4- 6 |  7- 9 | 10-12 | 13-15 | 16-18 || total
-------------------------+-------+-------+-------+-------+-------+-------++-------
Melee: Hand axe          |    72 |       |       |       |       |       ||    72
       Tailslap          |     5 |     9 |    34 |     4 |    20 |    10 ||    82
       Dagger            |       |    72 |   114 |       |       |       ||   186
       Halberd           |       |     7 |       |       |       |       ||     7
       Staff             |       |     4 |    25 |    47 |    93 |    15 ||   184
       War axe           |       |       |   110 |       |       |       ||   110
       Unarmed           |       |       |     1 |       |       |       ||     1
       Short sword       |       |       |    50 |    68 |       |       ||   118
       Trident           |       |       |    13 |    11 |       |       ||    24
       Broad axe         |       |       |       |       |    82 |    30 ||   112
       Bite              |       |       |       |       |    14 |     3 ||    17
 Cast: Flame Tongue      |    28 |   101 |    85 |   387 |   144 |       ||   745
       Sticky Flame      |       |       |    34 |    91 |    47 |     4 ||   176
       Conjure Flame     |       |       |     3 |     9 |     7 |     1 ||    20
       Fireball          |       |       |       |    35 |    49 |     1 ||    85
       Venom Bolt        |       |       |       |    11 |    86 |       ||    97
       Bolt of Fire      |       |       |       |       |   411 |   159 ||   570
       Throw Icicle      |       |       |       |       |    21 |       ||    21
       Poison Arrow      |       |       |       |       |     2 |     5 ||     7
       Bolt of Cold      |       |       |       |       |       |    22 ||    22
 Abil: Breathe Acid      |       |       |     3 |     8 |     5 |       ||    16
       Evoke Flight      |       |       |       |     4 |       |       ||     4
  Use: Scroll            |       |     3 |     8 |    17 |    12 |     3 ||    43
       Potion            |       |       |       |     2 |     1 |       ||     3
 Stab: Sleeping          |     1 |     1 |     3 |       |       |       ||     5
       Distracted        |     1 |       |       |       |       |       ||     1
  Eat: Chunk             |     2 |     9 |    38 |    65 |   215 |    57 ||   386
       Fruit             |       |       |       |       |    13 |     5 ||    18
       Meat ration       |       |       |       |       |     1 |       ||     1
       Bread ration      |       |       |       |       |       |     1 ||     1
Armor: Skin              |    26 |    33 |    90 |   118 |   104 |    49 ||   420
Dodge: Dodged            |    69 |   121 |   433 |   322 |   281 |    98 ||  1324
Block: Buckler           |       |       |       |       |    41 |    24 ||    65
